 Dungeon Crawl Stone Soup version 0.19-a0-722-g27ac516 (webtiles) character file.

9281 TheGoonsmith the Bludgeoner (level 11, -1/123 HPs)
             Began as an Ogre Berserker on June 21, 2016.
             Was a High Priest of Trog.
             Slain by Snorg (4 damage)
             ... on level 10 of the Dungeon.
             The game lasted 00:21:26 (10941 turns).

TheGoonsmith the Bludgeoner (Ogre Berserker)       Turns: 10941, Time: 00:21:27

Health: -1/123     AC:  6    Str: 23 (24) XL:     11   Next: 44%
Magic:  11/11      EV: 10    Int:  8      God:    Trog [*****.]
Gold:   446        SH:  0    Dex: 11 (12) Spells: 0 memorised, 10 levels left

rFire  . . .     SeeInvis .     H - +1 giant spiked club
rCold  . . .     Gourm    .     d - +2 robe {MR+}
rNeg   . . .     Faith    .     (shield currently unavailable)
rPois  .         Spirit   .     (helmet restricted)
rElec  .         Dismiss  .     n - +0 cloak
rCorr  .         Reflect  .     (gloves unavailable)
SustAt .         Harm     .     (boots unavailable)
MR     ++...                    D - amulet of regeneration
Stlth  +.........               (no ring)
                                q - +2 ring of intelligence

@: exhausted, very slightly contaminated, slowed, very slow, very resistant to
hostile enchantments, very unstealthy
A: unfitting armour, hooves 1, deterioration 2, tough skin 1, no device heal 1,
MP-powered wands
a: Berserk, Trog's Hand, Brothers in Arms, Burn Spellbooks, Renounce Religion


You were on level 10 of the Dungeon.
You worshipped Trog.
Trog was extremely pleased with you.
You were not hungry.

You visited 1 branch of the dungeon, and saw 10 of its levels.
You also visited: Sewer.

You collected 446 gold pieces.

Inventory:

Hand Weapons
 a - a +0 mace
 G - a +1 giant club
 H - a +1 giant spiked club (weapon)
Missiles
 e - 192 stones
 f - 6 javelins of penetration
 u - 3 throwing nets
 v - 16 tomahawks
 M - 9 tomahawks of returning
 O - 5 poisoned javelins
 Q - 3 large rocks (quivered)
Armour
 b - a +0 animal skin
 d - a +2 robe of magic resistance (worn)
 n - a +0 cloak (worn)
 L - a +0 robe of cold resistance
Jewellery
 k - an uncursed amulet of guardian spirit
 l - an uncursed amulet of harm
 q - a +2 ring of intelligence (left hand)
 s - a +2 amulet of reflection
 D - an amulet of regeneration (around neck)
 N - an uncursed amulet of the gourmand
Wands
 F - a wand of lightning (14/15)
 J - a wand of slowing (35/48)
 R - a wand of flame (16/48)
Scrolls
 h - 3 scrolls of teleportation
 r - a scroll of identify
 x - 4 scrolls of remove curse
 A - a scroll of recharging
Potions
 g - a potion of invisibility
 i - 2 potions of might
 j - 4 potions of flight
 m - 2 potions of haste
 o - 3 potions of heal wounds
 z - a potion of agility
 B - a potion of curing
 C - a potion of brilliance
 E - 2 potions of berserk rage
 K - a potion of cancellation
 T - a potion of lignification {unknown}
Comestibles
 c - 7 bread rations
 p - 4 meat rations
 t - 28 fruits
 I - 4 beef jerkies


   Skills:
 + Level 12.1 Fighting
 * Level 15.9 Maces & Flails
 + Level 8.2 Throwing
 - Level 2.6 Dodging


You had 10 spell levels left.
You didn't know any spells.

Dungeon Overview and Level Annotations

Branches:
Dungeon (10/15)            Temple (0/1) D:4            Lair (0/6) D:9
    Orc: D:9-12

Altars:
Cheibriados
Gozag
Pakellas
Uskayaw
Vehumet
The Shining One

Shops:
D:9 =%   D:10 (:[

Annotations:
D:10 Snorg


Innate Abilities, Weirdness & Mutations

You are too large for most types of armour.
You have tough skin. (AC +1)
You have large cloven feet.
Your body often deteriorates upon taking damage.
Potions and wands are less effective at restoring your health.
You expend magic power (3 MP) to strengthen your wands.


Message History

Blink to where?
Press: ? - help, Dir - move target cursor You are very lightly contaminated with residual magic.
As you read the scroll of blinking, it crumbles to dust.
Okay, then.
Quiver which item? (- for none, * to show all) (? for menu, Esc to quit)
Quivering
Q - 5 large rocks for throwing.
Throwing (i - inventory. (,) - cycle):
Q - 5 large rocks (quivered)
Press: ? - help, Shift-Dir - straight line, f - Snorg
Aim: Snorg (severely wounded, berserk, fast, unusually strong)
You throw a large rock. The large rock hits Snorg!!
Snorg is almost dead.
You hear a shout!
Throwing (i - inventory. (,) - cycle):
Q - 4 large rocks (quivered)
Press: ? - help, Shift-Dir - straight line, f/p - Snorg
Aim: Snorg (severely wounded, berserk, fast, unusually strong)
You throw a large rock. The large rock closely misses Snorg.
Snorg bites you!
* * * LOW HITPOINT WARNING * * *
Snorg claws you.
You die...

<..#.#+##.##...#
..##...........#####
...#...............#
..............####)##
...............# #..#
.......#.#...#.# ##.#
......##.#...#.## #.#
..#####..#####..###.#
....##...(.....T@##.#
.#..+...♣.5<..♣...'.#
.#..##.....W).†..####
.....##..#####..##
###...##W# #.## .
####.# #+#
.....().......#
...((....#.#.##
...W.....# #


You could see Snorg (berserk), a wraith and a shadow imp.

Vanquished Creatures
  Erolcha (D:9)
  Sonja (D:10)
  An ugly thing (D:10)
  Joseph (D:7)
  2 gargoyles (D:10)
  Sigmund (D:5)
  A wyvern (D:8)
  Eustachio (D:5)
  A hippogriff (D:8)
  3 hungry ghosts
  Edmund (D:5)
  An ice beast (D:6)
  6 orc warriors
  Purgy (Sewer)
  A sky beast (D:6)
  A phantom (D:10)
  11 ogres
  An eye of draining (D:10)
  4 centaurs
  Blork the orc (D:5)
  A big kobold (D:9)
  5 giant frogs
  2 gnoll sergeants
  A scorpion (D:8)
  5 killer bees (D:9)
  8 wights
  6 crimson imps
  2 howler monkeys
  2 centaur skeletons
  4 jellies
  13 orc wizards
  Crazy Yiuf (D:2)
  A giant frog zombie (D:7)
  2 hounds
  7 orc priests
  A centaur zombie (D:10)
  An iguana (D:7)
  Ijyb (D:2)
  Natasha (D:4)
  6 worker ants
  A killer bee zombie (D:7)
  2 hound skeletons
  A worker ant zombie (D:6)
  2 howler monkey zombies
  24 gnolls
  7 adders
  5 shadow imps
  2 oozes (D:1)
  2 adder zombies
  An adder skeleton (D:7)
  6 worms
  6 dart slugs
  9 giant geckos
  44 orcs
  9 giant cockroaches
  10 goblins
  8 hobgoblins
  10 jackals
  7 kobolds
  3 quokkas
  2 ball pythons
  6 bats
  9 giant newts
  A jackal skeleton (D:6)
  10 rats
  A plant (D:1)
299 creatures vanquished.

Vanquished Creatures (collateral kills)
  A two-headed ogre (D:9)
  An ice beast (D:9)
  A centaur (D:9)
  A scorpion (D:9)
  A howler monkey (D:9)
  A giant frog zombie (D:9)
  A worker ant zombie (D:9)
  A gnoll (D:9)
  4 jackals (D:9)
12 creatures vanquished.

Vanquished Creatures (others)
  A gnoll (D:3)
  A rat (D:3)
2 creatures vanquished.

Grand Total: 313 creatures vanquished

Notes
Turn   | Place    | Note
--------------------------------------------------------------
     0 | D:1      | TheGoonsmith the Ogre Berserker began the quest for the Orb.
     0 | D:1      | Reached XP level 1. HP: 24/24 MP: 1/1
   234 | D:1      | Reached XP level 2. HP: 22/32 MP: 2/2
   414 | D:1      | Reached skill level 5 in Maces & Flails
   517 | D:1      | Reached XP level 3. HP: 40/40 MP: 3/3
   737 | D:1      | Reached ** piety under Trog
  1387 | D:2      | Reached XP level 4. HP: 28/49 MP: 4/4
  1703 | D:2      | Noticed Crazy Yiuf
  1713 | D:2      | Killed Crazy Yiuf
  1713 | D:2      | Reached skill level 5 in Fighting
  1713 | D:2      | Reached skill level 6 in Maces & Flails
  1874 | D:2      | Found a snail-covered altar of Cheibriados.
  1965 | D:2      | Reached XP level 5. HP: 57/57 MP: 5/5
  2367 | D:2      | Noticed Ijyb
  2377 | D:2      | Killed Ijyb
  2377 | D:2      | Reached skill level 7 in Maces & Flails
  2646 | D:2      | Found a glowing golden altar of the Shining One.
  2946 | D:3      | Reached XP level 6. HP: 62/67 MP: 6/6
  3225 | D:3      | Reached *** piety under Trog
  3296 | D:3      | Found a radiant altar of Vehumet.
  3782 | D:4      | Reached skill level 8 in Maces & Flails
  3798 | D:4      | Reached skill level 1 in Throwing
  3818 | D:4      | Found a staircase to the Ecumenical Temple.
  3820 | D:4      | Found a glowing drain.
  3840 | Sewer    | Entered a sewer
  3868 | Sewer    | Noticed Purgy
  3881 | Sewer    | Killed Purgy
  3881 | Sewer    | Reached XP level 7. HP: 59/76 MP: 2/7
  4494 | D:4      | Reached skill level 9 in Maces & Flails
  4634 | D:4      | Noticed Natasha
  4637 | D:4      | Killed Natasha
  4713 | D:5      | Entered Level 5 of the Dungeon
  4952 | D:5      | Noticed Eustachio
  4963 | D:5      | Killed Eustachio
  4963 | D:5      | Reached XP level 8. HP: 87/87 MP: 8/8
  5114 | D:5      | Noticed Edmund
  5136 | D:5      | Killed Edmund
  5136 | D:5      | Reached **** piety under Trog
  5136 | D:5      | Reached skill level 10 in Maces & Flails
  5291 | D:5      | Noticed Blork the orc
  5298 | D:5      | Killed Blork the orc
  5460 | D:5      | Noticed Sigmund
  5466 | D:5      | Killed Sigmund
  5466 | D:5      | Reached skill level 11 in Maces & Flails
  6005 | D:6      | Received a gift from Trog
  6006 | D:6      | Reached XP level 9. HP: 97/97 MP: 9/9
  6113 | D:6      | Found an opulent altar of Gozag.
  6255 | D:6      | Gained mutation: You have large cloven feet. [mutagenic meat]
  6256 | D:6      | Gained mutation: You occasionally shout uncontrollably at your foes. [mutagenic meat]
  6257 | D:6      | Gained mutation: Your body sometimes deteriorates upon taking damage. [mutagenic meat]
  6639 | D:7      | Reached skill level 12 in Maces & Flails
  6752 | D:7      | Reached skill level 5 in Throwing
  6788 | D:7      | HP: 2/147 [orc warrior/dire flail (19)]
  6793 | D:7      | HP: 3/100 [poisoned by an orc wizard]
  7063 | D:7      | Noticed Joseph
  7076 | D:7      | Killed Joseph
  7076 | D:7      | Reached skill level 10 in Fighting
  7076 | D:7      | Reached skill level 13 in Maces & Flails
  7436 | D:7      | Reached XP level 10. HP: 57/110 MP: 10/10
  8074 | D:8      | Reached ***** piety under Trog
  8196 | D:8      | Found a hide-covered altar of Uskayaw.
  8196 | D:8      | Found an oddly glowing altar of Pakellas.
  8337 | D:8      | Reached skill level 14 in Maces & Flails
  9143 | D:9      | Received a gift from Trog
  9175 | D:9      | Found Limnyupt's Food Shoppe.
  9177 | D:9      | Noticed Erolcha
  9186 | D:9      | Killed Erolcha
  9362 | D:9      | Found Siveuq's Jewellery Boutique.
  9369 | D:9      | Found a staircase to the Lair.
  9386 | D:9      | Received a gift from Trog
  9406 | D:9      | Reached skill level 15 in Maces & Flails
  9426 | D:9      | HP: 3/114 [gnoll/spear (10)]
  9576 | D:9      | Reached XP level 11. HP: 73/120 MP: 11/11
 10083 | D:10     | Entered Level 10 of the Dungeon
 10098 | D:10     | Found Peunies's Armour Boutique.
 10248 | D:10     | Found Zaseum's Book Boutique.
 10309 | D:10     | Found Geot Aptiy's Antique Weapon Shoppe.
 10360 | D:10     | Lost mutation: You occasionally shout uncontrollably at your foes. [potion of mutation]
 10360 | D:10     | Gained mutation: You expend magic power (3 MP) to strengthen your wands. [potion of mutation]
 10360 | D:10     | Gained mutation: You are dopey. (Int -2) [potion of mutation]
 10361 | D:10     | Gained mutation: Your body often deteriorates upon taking damage. [potion of mutation]
 10361 | D:10     | Gained mutation: Potions and wands are less effective at restoring your health. [potion of mutation]
 10361 | D:10     | Lost mutation: You are dopey. (Int -2) [potion of mutation]
 10398 | D:10     | Noticed Sonja
 10404 | D:10     | Killed Sonja
 10661 | D:10     | Noticed a red ugly thing
 10675 | D:10     | Killed a red ugly thing
 10857 | D:10     | Received a gift from Trog
 10916 | D:10     | Noticed Snorg
 10935 | D:10     | HP: 8/184 [Snorg (15)]
 10941 | D:10     | HP: 3/123 [Snorg (7)]
 10941 | D:10     | Slain by Snorg

Vault maps used:
D:1:      erik_arrival_gehennom, minmay_stone_trees_small,
          kennysheep_decorative_pillar, serial_bayou_ford_a
D:2:      lemuel_round_altar, kennysheep_slug_shrine, uniq_iyjb,
          uniq_crazy_yiuf_cottage
D:3:      fiery_altar_vehumet
D:4:      portal_sewer_entry_f, uniq_natasha
D:5:      first_bread, serial_bayou_pond_e, serial_park_tiny_2, minivault_11,
          uniq_sigmund, uniq_eustachio, uniq_edmund, uniq_blork_the_orc
D:6:      grunt_gozag_statues
D:7:      uniq_joseph
D:8:      gammafunk_temple_overflow_wave
D:9:      lair_0_dummy, serial_shops, kennysheep_little_box, shop,
          blue_anna_alchemist, uniq_erolcha
D:10:     serial_shops, shop, shop, nicolae_shop_statue_plus, shop_fountains,
          nicolae_shop_statue_plus, grunt_ministairs_15, uniq_sonja, uniq_snorg
Sewer:    kennysheep_door_sewer

Skill      XL: |  1  2  3  4  5  6  7  8  9 10 11 |
---------------+----------------------------------+-----
Maces & Flails | 5 6 7 8 9 11 13 15 | 15.9
Fighting       | 5 6 7 8 10 11 12 | 12.1
Throwing       | 1 2 4 5 7 8 |  8.2
Dodging        | |  2.6

Action                   |  1- 3 |  4- 6 |  7- 9 | 10-12 || total
-------------------------+-------+-------+-------+-------++-------
Melee: Mace              |   153 |   191 |    32 |       ||   376
       Giant club        |       |       |   206 |    42 ||   248
       Kick              |       |       |    29 |    62 ||    91
       Giant spiked club |       |       |       |   206 ||   206
Throw: Stone             |    86 |   140 |   226 |   266 ||   718
       Throwing net      |       |       |     3 |       ||     3
       Tomahawk          |       |       |     4 |    11 ||    15
       Javelin           |       |       |       |     2 ||     2
       Large rock        |       |       |       |     7 ||     7
Invok: Berserk           |       |     4 |     5 |     5 ||    14
       Trog's Hand       |       |     1 |     2 |     2 ||     5
       Brothers in Arms  |       |       |     1 |     1 ||     2
  Use: Scroll            |       |       |    11 |    13 ||    24
       Potion            |       |       |     2 |     6 ||     8
 Stab: Sleeping          |     1 |       |       |       ||     1
       Held in net/web   |       |       |     1 |       ||     1
       Invisible         |       |       |     1 |       ||     1
  Eat: Chunk             |     2 |    11 |    17 |    12 ||    42
       Meat ration       |       |       |     1 |     1 ||     2
       Pizza             |       |       |       |     2 ||     2
       Bread ration      |       |       |       |     1 ||     1
       Beef jerky        |       |       |       |     1 ||     1
Armor: Animal skin       |    34 |    38 |    21 |       ||    93
       Robe              |       |       |    22 |    68 ||    90
Dodge: Dodged            |    63 |    82 |    90 |   145 ||   380
